 Dungeon Crawl Stone Soup version 0.30-a0-23-ge60ba3568b (webtiles) character file.

Game seed: 11703331808680511261

2 ytrimaz the Insei (level 1, -1/15 HPs)
             Began as a Demonspawn Transmuter on Aug 24, 2022.
             Slain by a jackal (3 damage)
             ... on level 1 of the Dungeon.
             The game lasted 00:00:07 (250 turns).

ytrimaz the Insei (Demonspawn Transmuter)            Turns: 250, Time: 00:00:08

Health: -1/15      AC:  2    Str: 10    XL:     1   Next: 33%
Magic:  2/3        EV: 12    Int: 14    God:
Gold:   50         SH:  0    Dex: 13    Spells: 3/4 levels left

rFire   . . .      SeeInvis .      - Unarmed
rCold   . . .      Faith    .    (no shield)
rNeg    . . .      Spirit   .    a - +0 robe
rPois   .          Reflect  .    (helmet currently unavailable)
rElec   .          Harm     .    (no cloak)
rCorr   .          Rampage  .    (no gloves)
Will    .....                    (boots currently unavailable)
Stlth   +.........               (no amulet)
HPRegen 0.05/turn                (no ring)
MPRegen 0.08/turn                (no ring)

@: appendages (expiring)
A: horns 2, talons 2
a: End Transformation


You were on level 1 of the Dungeon.
You had temporarily grown beastly horns and talons.
You visited 1 branch of the dungeon, and saw 1 of its levels.

You collected 50 gold pieces.

Inventory:

Armour
 a - a +0 robe (worn)
Scrolls
 c - a scroll of enchant weapon {unknown}
 e - a scroll of identify {unknown}
 f - a scroll of magic mapping {unknown}
 g - a scroll of noise {unknown}
Potions
 b - a potion of lignification
 d - a potion of ambrosia {unknown}
 h - 2 potions of berserk rage {unknown}


   Skills:
 + Level 1.0 Fighting
 + Level 1.8 Dodging
 + Level 2.8 Unarmed Combat
 - Level 2.0 Spellcasting
 - Level 1.7 Transmutations


You had 3 spell levels left.
You knew the following spells:

 Your Spells              Type           Power      Damage    Failure   Level
a - Beastly Appendage     Tmut           12%        N/A       12%         1

Your spell library contained the following spells:

 Spells                   Type           Power      Damage    Failure   Level
 Wereblood                Tmut           6%         N/A       17%         2
 Spider Form              Tmut/Pois      3%         N/A       45%         3
 Ice Form                 Ice/Tmut       3%         N/A       86%         4


Dungeon Overview and Level Annotations

Branches:
Dungeon (1/15)

Altars:


Innate Abilities, Weirdness & Mutations

You have temporarily grown beastly horns and talons.


Message History

As you open the door, it creaks loudly!
There is an open door here.
You open the door.
There is an open door here.
Found a mace.
You open the door.
There is an open door here.
There is an open door here.
Found a spear.
A jackal comes into view.
A jackal is nearby!
A jackal is nearby! 2 jackals come into view.
The jackal barks! x2
A jackal comes into view.
The jackal barks!
The jackal bites you but does no damage. x3
You grow a pair of large bovine horns.
Your feet morph into talons.
The jackal closely misses you.
You barely miss the jackal. The jackal bites you.
You hit the jackal. Your kick misses the jackal.
The jackal is almost dead.
The jackal barely misses you. The jackal bites you.
You hit the jackal.
You kill the jackal!
The jackal bites you.
The jackal bites you but does no damage.
You barely miss the jackal. Your headbutt misses the jackal.
The jackal bites you. The jackal barely misses you. The jackal bites you.
You are too injured to fight recklessly!
The jackal attacks as you move away! The jackal bites you.
* * * LOW HITPOINT WARNING * * *
You are too injured to fight recklessly!
You hit the jackal. Your kick misses the jackal. You headbutt the jackal.
You kill the jackal!
You are too injured to fight recklessly!
Your transformation is almost over.
The jackal barely misses you. x2
You miss the jackal. The jackal bites you.
You die...

#.###...#.#######............##.
#.......#.......#............###
#.......#######.#.#.####.....# #
##......#######.#.#.# #.....# #
####...........#.#.# #.....# #
#.........####.#.# #.....###
#.........##)..#.# #......##
#.........##.###.# ###....##
#.........##@# #.# #.....##
############h# #.....#
#......h..# #.....# #.........#
#...### #.........# #####
#.........# #######.### #.. ###


You could see 2 jackals.

Vanquished Creatures
  2 jackals (D:1)
2 creatures vanquished.

Notes
Turn   | Place    | Note
-------+----------+-------------------------------------------
     0 | D:1      | ytrimaz the Demonspawn Transmuter began the quest for the
                  | Orb.
     0 | D:1      | Reached XP level 1. HP: 15/15 MP: 3/3
   250 | D:1      | Slain by a jackal

Illustrated notes

Levels and vault maps discovered:
D:1:      psy_arrival_dodecagon, layout_basic, minmay_misc_feat_doors

Action                   || total
-------------------------++-------
Melee: Unarmed           ||     6
       Headbutt          ||     1
 Cast: Beastly Appendage ||     1
Armor: Robe              ||     4
Dodge: Dodged            ||     5

Table legend: (Time is in decaauts)
 A = Elapsed time spent in this place.
 B = Non-inter-level travel time spent in this place.
 C = Inter-level travel time spent in this place.
 D = Time resting spent in this place.
 E = Time spent auto-exploring this place.
 F = Levels seen in this place.
 G = Mean time per level.
                   A        B        C        D        E       F      G
               +--------+--------+--------+--------+--------+-----+--------+
         Total |    249 |    249 |      0 |      0 |    221 |   1 |  249.0 |
       Dungeon |    249 |    249 |      0 |      0 |    221 |   1 |  249.0 |
               +--------+--------+--------+--------+--------+-----+--------+

Top non-repeatable levels by time:
     D:1: 249 daAuts
